 Dungeon Crawl Stone Soup version 0.29.0-4-gdea44cf6ec (webtiles) character file.

Game seed: 10130215156998183866

41834 qw the Severer (level 13, -1/122 HPs)
             Began as a Minotaur Berserker on Sept 6, 2022.
             Was a Priest of Trog.
             Shot with an arrow by Nessos (16 damage)
             ... on level 5 of the Lair of Beasts.
             The game lasted 00:05:53 (20758 turns).

qw the Severer (Minotaur Berserker)                Turns: 20758, Time: 00:05:53

Health: -1/122     AC: 19    Str: 28    XL:     13   Next: 82%
Magic:  0/12       EV:  9    Int:  4    God:    Trog [***...]
Gold:   338        SH: 11    Dex:  9    Spells: 12/12 levels left

rFire   . . .      SeeInvis .   Y - +5 broad axe (flame)
rCold   + + .      Faith    .   r - +0 kite shield
rNeg    . . .      Spirit   +   e - +1 chain mail {rC+}
rPois   .          Reflect  .   (helmet restricted)
rElec   .          Harm     .   (no cloak)
rCorr   .          Rampage  .   j - +2 pair of gloves
Will    +....                   t - +2 pair of boots
Stlth   ..........              s - amulet of guardian spirit
HPRegen 0.30/turn               d - ring of protection from cold
MPRegen 0.13/turn               n - ring of willpower

@: lethally poisoned (-1 -> -22), about to teleport, on berserk cooldown,
slowed, very slow
A: horns 2, retaliatory headbutt
a: Renounce Religion, Berserk, Trog's Hand


You were on level 5 of the Lair of Beasts.
You worshipped Trog.
Trog was most pleased with you.
You visited 2 branches of the dungeon, and saw 14 of its levels.
You visited the Abyss 1 time.

You collected 728 gold pieces.
You spent 390 gold pieces at shops.


Innate Abilities, Weirdness & Mutations

You have a pair of horns on your head.
You reflexively headbutt those who attack you in melee.


   Skills:
 + Level 13.3 Fighting
 - Level 18.0 Axes
 - Level 6.1 Throwing
 - Level 10.1 Armour
 - Level 5.1 Dodging
 - Level 13.5 Shields


You had 12 spell levels left.
You didn't know any spells.
Your spell library was empty.

Inventory:

Hand Weapons
 Y - a +5 broad axe of flaming (weapon)
Missiles
 a - 4 boomerangs (quivered)
 h - 2 javelins
Armour
 e - a +1 chain mail of cold resistance (worn)
 j - a +2 pair of gloves (worn)
 r - a +0 kite shield (worn)
 t - a +2 pair of boots (worn)
Jewellery
 d - a ring of protection from cold (left hand)
 i - an amulet of regeneration
 n - a ring of willpower (right hand)
 s - an amulet of guardian spirit (around neck)
Scrolls
 b - 8 scrolls of identify
 g - a scroll of enchant armour
Potions
 c - 2 potions of might
 f - a potion of cancellation
 m - a potion of heal wounds
 o - 10 potions of curing

Dungeon Overview and Level Annotations

Branches:
Dungeon (9/15)             Temple (0/1) D:5            Lair (5/5) D:9
 Shoals (0/4) Lair:3       Spider (0/4) Lair:3        Slime (0/5) Lair:5
    Orc: D:9-12

Altars:
Gozag
Makhleb
Okawaru
Ru
Sif Muna
Wu Jian
Yredelemnul
Zin
The Shining One

Shops:
D:1 (   D:8 *   D:9 =

Annotations:
Lair:3 3 runed translucent doors, qw's ghost, journeyman GrBe
Lair:5 Nessos


Message History

You barely miss the yak.
Nessos gestures wildly while chanting.
Nessos blinks!
You block the yak's attack. The yak gores you!
You slash the yak! You burn the yak.
You kill the yak!
Trog accepts your kill.
You barely miss the yak.
Nessos shoots an arrow.
The arrow hits you! The arrow burns you.
Nessos shoots an arrow.
The arrow closely misses you. You block the yak's attack.
20752 ||| INVOKING Berserk.
A red film seems to cover your vision as you go berserk!
You feel yourself moving faster!
You feel mighty!
Nessos mumbles some strange words.
Nessos blinks!
The yak gores you.
You chop the yak into pieces!!! You burn the yak!
You kill the yak!
Trog accepts your kill.
Nessos shoots an arrow.
The arrow hits you!! The arrow burns you.
You are poisoned.
You feel very sick.
You see here a yak corpse.
You feel a strong urge to attack something.
You feel very sick.
Nessos gestures wildly while chanting.
Nessos blinks!
You feel very sick.
Nessos shoots an arrow.
You block the arrow.
You feel your anger nearly subside.
You are no longer berserk.
You are exhausted.
You feel yourself slow down.
You feel sick.
Nessos shoots an arrow.
The arrow hits you! The arrow burns you.
You are lethally poisoned!
20758 ||| READING scroll of teleportation.
As you read the scroll of teleportation, it crumbles to dust.
You feel strangely unstable.
You feel extremely sick.
Nessos shoots an arrow.
The arrow hits you but does no damage.
Nessos shoots an arrow.
The arrow hits you!!
You die...

.....) ####..#.##### .....Y
###..#........##..
.....Y##....................
#......#....................
#......#.%..................
#....%.%.............##.#.
#........................##.
##......#...............#...
#..#....P¤@............#...
## ###................##..8
###....c..........#....
##.................#....
##...##...###.......#....
#...# #...# #.......##+#'
#..###...###..#...#.....
#...............###.#...
##......>......##.#P....#


You could see Nessos (fast).

Vanquished Creatures
  A tentacled starspawn (Abyss:2)
  3 dire elephants (Lair:5)
  2 boulder beetles
  2 hydras
  2 catoblepae
  6 death yaks (Lair:5)
  Sonja (Lair:1)
  A spectral death yak (Lair:5)
  A spectral anaconda (Lair:5)
  An obsidian statue (Lair:5)
  2 necromancers (Lair:5)
  Joseph (D:8)
  6 elephants
  4 black mambas
  Maggie (D:8)
  An unseen horror (D:7)
  4 rime drakes
  13 cane toads
  9 komodo dragons
  An ancient zyme (Abyss:2)
  A kobold demonologist (D:9)
  2 trolls
  4 polar bears
  A hornet (D:8)
  5 blink frogs (Lair:3)
  A slime creature (Lair:5)
  A wyvern (Lair:2)
  54 yaks
  Grum (D:8)
  2 steam dragons
  3 spectral cane toads (Lair:5)
  6 water moccasins
  2 sky beasts
  2 ice beasts (D:6)
  A black bear (D:5)
  An elephant zombie (Lair:5)
  3 centaurs
  3 ogres
  9 wolves
  15 bullfrogs
  3 kobold brigands
  A gnoll sergeant (D:9)
  4 scorpions
  15 wights
  An elephant simulacrum (Lair:5)
  3 killer bees (D:8)
  4 howler monkeys
  3 electric eels
  A gnoll bouda (D:6)
  A hound (D:4)
  5 jellies
  An orc priest (D:8)
  5 hell rats (Lair:1)
  An iguana (D:6)
  5 orc wizards
  Natasha (thrice) (D:4)
  8 gnolls
  7 adders
  A shadow imp (D:6)
  A worm (D:5)
  3 dart slugs
  29 orcs
  3 ball pythons (D:1)
  5 bats
  6 endoplasms
  3 giant cockroaches
  9 goblins
  6 hobgoblins
  2 jackals (D:4)
  3 quokkas
  6 frilled lizards
  25 kobolds
  5 rats
357 creatures vanquished.

Vanquished Creatures (others)
  10 fungi
  A lurking horror (Abyss:2)
  15 plants
  2 starspawn tentacles (Abyss:2)
  17 withered plants (Lair:5)
45 creatures vanquished.

Grand Total: 402 creatures vanquished

Notes
Turn   | Place    | Note
-------+----------+-------------------------------------------
     0 | D:1      | qw the Minotaur Berserker began the quest for the Orb.
     0 | D:1      | Reached XP level 1. HP: 19/19 MP: 0/0
     0 | D:1      | 0 ||| qw: Version: 0.1-a-108-g9e35731
     0 | D:1      | 0 ||| qw: Game counter: 6279
     0 | D:1      | 0 ||| qw: Always use a shield: true
     0 | D:1      | 0 ||| qw: Do Orc after D:15 true
     0 | D:1      | 0 ||| qw: Do second Lair branch before Depths: true
     0 | D:1      | 0 ||| qw: Lair rune preference: random
     0 | D:1      | 0 ||| qw: Plans: Normal
     0 | D:1      | 0 ||| PLANNING D:1-11
    92 | D:1      | 92 ||| Stepping ~*~*~tactically~*~*~ (hiding).
    94 | D:1      | 94 ||| Stepping ~*~*~tactically~*~*~ (hiding).
   127 | D:1      | 127 ||| Stepping ~*~*~tactically~*~*~ (stealth).
   131 | D:1      | Reached skill level 4 in Axes
   200 | D:1      | 200 ||| Stepping ~*~*~tactically~*~*~ (stealth).
   202 | D:1      | 202 ||| Stepping ~*~*~tactically~*~*~ (stealth).
   209 | D:1      | Found Zetiasu's Antique Weapon Emporium.
   216 | D:1      | 216 ||| SHOPLISTING mace (75 gold, have 24).
   216 | D:1      | 216 ||| SHOPLISTING runed hand axe (150 gold, have 24).
   216 | D:1      | 216 ||| SHOPLISTING whip (62 gold, have 24).
   389 | D:1      | Reached XP level 2. HP: 23/26 MP: 1/1
  1088 | D:1      | 1088 ||| SWAPPING to +0 war axe.
  1095 | D:1      | 1095 ||| DROPPING +0 hand axe.
  1197 | D:1      | 1197 ||| READING 2 scrolls labelled PEVVAJ KUTOTU.
  1200 | D:1      | 1200 ||| READING scroll labelled MALIXZ ICOY.
  1201 | D:1      | 1201 ||| READING scroll labelled RUFIAC HAGGACS.
  1202 | D:1      | 1202 ||| READING scroll labelled ROEFUM XOPEMO.
  1203 | D:1      | 1203 ||| DRINKING 2 blue potions.
  1204 | D:1      | 1204 ||| DROPPING potion of degeneration.
  1205 | D:1      | 1205 ||| READING scroll of teleportation.
  1316 | D:2      | Reached skill level 5 in Axes
  1395 | D:2      | 1395 ||| Stepping ~*~*~tactically~*~*~ (stealth).
  1407 | D:2      | Reached XP level 3. HP: 16/31 MP: 2/2
  1408 | D:2      | 1408 ||| INVOKING Berserk.
  1413 | D:2      | HP: 10/46 [kobold/+0 whip (2)]
  1707 | D:2      | Found a faded altar of an unknown god.
  1907 | D:2      | Reached ** piety under Trog
  2105 | D:2      | 2105 ||| UPGRADING to +0 ring mail.
  2115 | D:2      | 2115 ||| DROPPING +0 animal skin.
  2116 | D:2      | 2116 ||| UPGRADING to +0 chain mail.
  2126 | D:2      | 2126 ||| DROPPING +0 ring mail.
  2127 | D:2      | 2127 ||| UPGRADING to ring of protection from cold.
  2128 | D:2      | 2128 ||| READING scroll labelled KOIRIJ HICHO.
  2142 | D:3      | 2142 ||| STAIRDANCE
  2146 | D:3      | 2146 ||| STAIRDANCE
  2149 | D:2      | Reached XP level 4. HP: 36/39 MP: 3/3
  2174 | D:3      | Reached skill level 6 in Axes
  2214 | D:3      | 2214 ||| Stepping ~*~*~tactically~*~*~ (stealth).
  2226 | D:3      | 2226 ||| Stepping ~*~*~tactically~*~*~ (stealth).
  2326 | D:3      | 2326 ||| Stepping ~*~*~tactically~*~*~ (stealth).
  2389 | D:3      | Found an opulent altar of Gozag.
  2497 | D:3      | 2497 ||| Stepping ~*~*~tactically~*~*~ (stealth).
  2499 | D:3      | 2499 ||| Stepping ~*~*~tactically~*~*~ (stealth).
  2642 | D:3      | 2642 ||| UPGRADING to +0 pair of gloves.
  2647 | D:3      | 2647 ||| READING scroll labelled WOIWAFF BIELUG.
  2685 | D:4      | 2685 ||| Stepping ~*~*~tactically~*~*~ (stealth).
  2686 | D:4      | 2686 ||| Stepping ~*~*~tactically~*~*~ (stealth).
  2687 | D:4      | 2687 ||| Stepping ~*~*~tactically~*~*~ (stealth).
  2718 | D:4      | Found a sacrificial altar of Ru.
  2804 | D:4      | Reached skill level 7 in Axes
  2804 | D:4      | Reached XP level 5. HP: 45/45 MP: 4/4
  3014 | D:4      | Noticed Natasha
  3017 | D:4      | 3017 ||| INVOKING Berserk.
  3020 | D:4      | Killed Natasha
  3103 | D:4      | Noticed Natasha
  3105 | D:4      | 3105 ||| FLEEEEING.
  3106 | D:4      | 3106 ||| FLEEEEING.
  3107 | D:4      | 3107 ||| FLEEEEING.
  3112 | D:4      | 3112 ||| FLEEEEING.
  3113 | D:4      | 3113 ||| FLEEEEING.
  3117 | D:4      | 3117 ||| INVOKING Berserk.
  3119 | D:4      | Killed Natasha
  3119 | D:4      | Reached *** piety under Trog
  3310 | D:4      | Found a glowing golden altar of the Shining One.
  3436 | D:4      | Noticed Natasha
  3440 | D:4      | 3440 ||| INVOKING Berserk.
  3441 | D:4      | Killed Natasha
  3564 | D:4      | 3564 ||| UPGRADING to +1 chain mail of cold resistance.
  3574 | D:4      | 3574 ||| DROPPING +0 chain mail.
  3575 | D:4      | 3575 ||| UPGRADING to ring of willpower.
  3576 | D:4      | 3576 ||| READING scroll labelled OCRIAC FILOEM.
  3577 | D:4      | 3577 ||| DROPPING +0 whip.
  3597 | D:5      | Entered Level 5 of the Dungeon
  3666 | D:5      | Found a staircase to the Ecumenical Temple.
  3666 | D:5      | Noticed a water moccasin
  3670 | D:5      | Killed a water moccasin
  3671 | D:5      | Reached XP level 6. HP: 47/52 MP: 5/5
  3835 | D:5      | 3835 ||| INVOKING Berserk.
  3838 | D:5      | Reached skill level 8 in Axes
  3913 | D:5      | 3913 ||| INVOKING Berserk.
  3916 | D:5      | Reached XP level 7. HP: 59/59 MP: 6/6
  4068 | D:5      | Reached skill level 9 in Axes
  4070 | D:5      | Reached skill level 3 in Armour
  4072 | D:5      | 4072 ||| FLEEEEING.
  4136 | D:5      | Found a basalt altar of Yredelemnul.
  4177 | D:5      | 4177 ||| INVOKING Berserk.
  4651 | D:5      | 4651 ||| UPGRADING to +0 pair of boots.
  4656 | D:5      | 4656 ||| READING 2 scrolls labelled ZAEMMY FOFI.
  4657 | D:5      | 4657 ||| READING scroll labelled BILOSA FODI.
  4658 | D:5      | 4658 ||| READING scroll labelled KEHI DIDABUXE.
  4659 | D:5      | 4659 ||| DRINKING 2 viscous grey potions.
  4660 | D:5      | 4660 ||| DRINKING 4 white potions.
  4661 | D:5      | 4661 ||| READING 2 scrolls of identify.
  4661 | D:5      | 4661 ||| IDENTIFYING bubbling amethyst potion
  4662 | D:5      | 4662 ||| DROPPING potion of brilliance.
  4663 | D:5      | 4663 ||| DROPPING scroll of fog.
  4689 | D:6      | 4689 ||| STAIRDANCE
  4699 | D:6      | 4699 ||| STAIRDANCE
  4801 | D:6      | 4801 ||| Stepping ~*~*~tactically~*~*~ (stealth).
  4803 | D:6      | 4803 ||| Stepping ~*~*~tactically~*~*~ (stealth).
  4805 | D:6      | 4805 ||| Stepping ~*~*~tactically~*~*~ (stealth).
  4807 | D:6      | 4807 ||| Stepping ~*~*~tactically~*~*~ (stealth).
  4813 | D:6      | 4813 ||| INVOKING Berserk.
  4817 | D:6      | Reached skill level 10 in Axes
  4825 | D:6      | Reached XP level 8. HP: 68/68 MP: 7/7
  4979 | D:6      | Reached skill level 6 in Fighting
  5041 | D:6      | 5041 ||| INVOKING Berserk.
  5200 | D:6      | 5200 ||| Stepping ~*~*~tactically~*~*~ (hiding).
  5209 | D:6      | 5209 ||| INVOKING Berserk.
  5211 | D:6      | Reached skill level 11 in Axes
  5228 | D:6      | 5228 ||| Stepping ~*~*~tactically~*~*~ (stealth).
  5228 | D:6      | Found a burning altar of Makhleb.
  5229 | D:6      | 5229 ||| Stepping ~*~*~tactically~*~*~ (stealth).
  5456 | D:6      | 5456 ||| Stepping ~*~*~tactically~*~*~ (hiding).
  5457 | D:6      | 5457 ||| Stepping ~*~*~tactically~*~*~ (hiding).
  5582 | D:6      | Reached skill level 12 in Axes
  5690 | D:6      | 5690 ||| FLEEEEING.
  5691 | D:6      | 5691 ||| FLEEEEING.
  5709 | D:6      | 5709 ||| FLEEEEING.
  5710 | D:6      | 5710 ||| FLEEEEING.
  5713 | D:6      | 5713 ||| FLEEEEING.
  5714 | D:6      | 5714 ||| FLEEEEING.
  5715 | D:6      | 5715 ||| FLEEEEING.
  5716 | D:6      | 5716 ||| FLEEEEING.
  5717 | D:6      | 5717 ||| FLEEEEING.
  5718 | D:6      | 5718 ||| FLEEEEING.
  5719 | D:6      | 5719 ||| FLEEEEING.
  5722 | D:6      | 5722 ||| FLEEEEING.
  5723 | D:6      | 5723 ||| FLEEEEING.
  5729 | D:6      | 5729 ||| FLEEEEING.
  5730 | D:6      | 5730 ||| FLEEEEING.
  5731 | D:6      | 5731 ||| FLEEEEING.
  5732 | D:6      | 5732 ||| FLEEEEING.
  5733 | D:6      | 5733 ||| FLEEEEING.
  5742 | D:6      | 5742 ||| STAIRDANCE
  5783 | D:5      | 5783 ||| READING scroll labelled GOOBEI NIPITO.
  5784 | D:5      | 5784 ||| DRINKING 2 green potions.
  5785 | D:5      | 5785 ||| DRINKING 2 cyan potions.
  5786 | D:5      | 5786 ||| DROPPING potion of invisibility.
  5787 | D:5      | 5787 ||| DROPPING potion of magic.
  5804 | D:6      | 5804 ||| Stepping ~*~*~tactically~*~*~ (stealth).
  5806 | D:6      | 5806 ||| Stepping ~*~*~tactically~*~*~ (stealth).
  5808 | D:6      | 5808 ||| Stepping ~*~*~tactically~*~*~ (stealth).
  5812 | D:6      | 5812 ||| Stepping ~*~*~tactically~*~*~ (stealth).
  5813 | D:6      | 5813 ||| Stepping ~*~*~tactically~*~*~ (stealth).
  5823 | D:6      | 5823 ||| Stepping ~*~*~tactically~*~*~ (stealth).
  5824 | D:6      | 5824 ||| Stepping ~*~*~tactically~*~*~ (stealth).
  5834 | D:6      | 5834 ||| Stepping ~*~*~tactically~*~*~ (stealth).
  5891 | D:6      | 5891 ||| READING scroll of enchant weapon.
  5891 | D:6      | 5891 ||| ENCHANTING +1 war axe of flaming.
  6035 | D:6      | 6035 ||| READING scroll of enchant armour.
  6035 | D:6      | 6035 ||| ENCHANTING +0 pair of gloves.
  6160 | D:6      | Found a shimmering blue altar of Sif Muna.
  6165 | D:6      | Identified the +7 rapier of Chewing Execution {protect,
                  | +Blink rPois Dex+6 Stlth-}
  6220 | D:6      | 6220 ||| READING scroll labelled DUCROG XOBLE.
  6255 | D:7      | Reached XP level 9. HP: 78/79 MP: 8/8
  6340 | D:7      | Found a flagged portal.
  6434 | D:7      | Reached skill level 3 in Throwing
  6488 | D:7      | 6488 ||| INVOKING Berserk.
  6973 | D:7      | Killed an unseen horror
  6974 | D:7      | Reached skill level 13 in Axes
  7087 | D:7      | 7087 ||| READING scroll labelled QAEHA LOGU.
  7087 | D:7      | Identified a scroll of acquirement
  7087 | D:7      | 7087 ||| ACQUIRING +2 broad axe of flaming
  7087 | D:7      | Acquired a +2 broad axe of flaming
  7089 | D:7      | 7089 ||| SWAPPING to +2 broad axe of flaming.
  7090 | D:7      | 7090 ||| DROPPING +2 war axe of flaming.
  7207 | D:8      | Noticed Joseph
  7211 | D:8      | 7211 ||| FLEEEEING.
  7212 | D:8      | 7212 ||| STAIRDANCE
  7390 | D:8      | 7390 ||| STAIRDANCE
  7398 | D:8      | 7398 ||| STAIRDANCE
  7461 | D:8      | Noticed Grum
  7462 | D:8      | 7462 ||| STAIRDANCE
  7470 | D:8      | 7470 ||| STAIRDANCE
  7475 | D:7      | 7475 ||| INVOKING Berserk.
  7671 | D:8      | 7671 ||| STAIRDANCE
  7701 | D:8      | 7701 ||| STAIRDANCE
  7913 | D:8      | 7913 ||| STAIRDANCE
  7918 | D:8      | 7918 ||| STAIRDANCE
  7919 | D:7      | HP: 19/81 [poisoned by Grum]
  7920 | D:7      | 7920 ||| DRINKING 4 potions of curing.
  7920 | D:7      | 7920 ||| (to cure poison)
  8155 | D:8      | 8155 ||| INVOKING Berserk.
  8159 | D:8      | Killed Grum
  8166 | D:8      | Killed Joseph
  8167 | D:8      | Reached skill level 14 in Axes
  8316 | D:8      | Found an ornate altar of the Wu Jian Council.
  8338 | D:8      | 8338 ||| Stepping ~*~*~tactically~*~*~ (stealth).
  8339 | D:8      | 8339 ||| Stepping ~*~*~tactically~*~*~ (stealth).
  8341 | D:8      | 8341 ||| Stepping ~*~*~tactically~*~*~ (stealth).
  8342 | D:8      | 8342 ||| Stepping ~*~*~tactically~*~*~ (stealth).
  8348 | D:8      | Reached XP level 10. HP: 70/88 MP: 9/9
  8391 | D:8      | 8391 ||| Stepping ~*~*~tactically~*~*~ (stealth).
  8399 | D:8      | 8399 ||| Stepping ~*~*~tactically~*~*~ (stealth).
  8402 | D:8      | 8402 ||| Stepping ~*~*~tactically~*~*~ (stealth).
  8427 | D:8      | Paralysed by a hornet for 1 turns
  8433 | D:8      | 8433 ||| INVOKING Berserk.
  8688 | D:8      | 8688 ||| Stepping ~*~*~tactically~*~*~ (stealth).
  8692 | D:8      | 8692 ||| INVOKING Berserk.
  8695 | D:8      | Reached skill level 6 in Armour
  8825 | D:8      | Found Gulon's Demolitions Depot.
  8832 | D:8      | 8832 ||| INVOKING Berserk.
  9118 | D:8      | Found a glowing silver altar of Zin.
  9129 | D:8      | 9129 ||| Stepping ~*~*~tactically~*~*~ (stealth).
  9135 | D:8      | Reached **** piety under Trog
  9199 | D:8      | Noticed Maggie
  9200 | D:8      | 9200 ||| Stepping ~*~*~tactically~*~*~ (hiding).
  9201 | D:8      | 9201 ||| Stepping ~*~*~tactically~*~*~ (hiding).
  9209 | D:8      | Killed Maggie
  9210 | D:8      | Reached skill level 15 in Axes
  9324 | D:8      | 9324 ||| DROPPING scarf of shadows.
  9325 | D:8      | 9325 ||| UPGRADING to +2 pair of boots.
  9335 | D:8      | 9335 ||| DROPPING +0 pair of boots.
  9336 | D:8      | 9336 ||| READING scroll labelled BETTOSM HAERHIS.
  9337 | D:8      | 9337 ||| DRINKING 2 glowing brown potions.
  9338 | D:8      | 9338 ||| READING 2 scrolls of identify.
  9338 | D:8      | 9338 ||| IDENTIFYING brown potion
  9339 | D:8      | 9339 ||| DROPPING potion of flight.
  9506 | D:9      | Found a staircase to the Lair.
  9510 | D:9      | 9510 ||| Stepping ~*~*~tactically~*~*~ (stealth).
  9512 | D:9      | 9512 ||| Stepping ~*~*~tactically~*~*~ (stealth).
  9515 | D:9      | 9515 ||| Stepping ~*~*~tactically~*~*~ (stealth).
  9529 | D:9      | 9529 ||| Stepping ~*~*~tactically~*~*~ (stealth).
  9659 | D:9      | 9659 ||| Stepping ~*~*~tactically~*~*~ (stealth).
  9661 | D:9      | 9661 ||| Stepping ~*~*~tactically~*~*~ (stealth).
  9662 | D:9      | 9662 ||| Stepping ~*~*~tactically~*~*~ (stealth).
  9667 | D:9      | 9667 ||| Stepping ~*~*~tactically~*~*~ (stealth).
  9672 | D:9      | 9672 ||| Stepping ~*~*~tactically~*~*~ (stealth).
  9826 | D:9      | 9826 ||| FLEEEEING.
  9827 | D:9      | 9827 ||| FLEEEEING.
  9934 | D:9      | 9934 ||| Stepping ~*~*~tactically~*~*~ (hiding).
  9963 | D:9      | 9963 ||| Stepping ~*~*~tactically~*~*~ (stealth).
  9968 | D:9      | 9968 ||| Stepping ~*~*~tactically~*~*~ (stealth).
  9973 | D:9      | Reached skill level 9 in Fighting
 10041 | D:9      | Reached skill level 3 in Dodging
 10191 | D:9      | 10191 ||| Stepping ~*~*~tactically~*~*~ (stealth).
 10192 | D:9      | 10192 ||| Stepping ~*~*~tactically~*~*~ (stealth).
 10360 | D:9      | Found Cuti's Jewellery Boutique.
 10369 | D:9      | 10369 ||| FLEEEEING.
 10370 | D:9      | 10370 ||| FLEEEEING.
 10371 | D:9      | 10371 ||| FLEEEEING.
 10372 | D:9      | 10372 ||| FLEEEEING.
 10373 | D:9      | 10373 ||| FLEEEEING.
 10374 | D:9      | 10374 ||| FLEEEEING.
 10484 | D:9      | 10484 ||| FLEEEEING.
 10488 | D:9      | 10488 ||| FLEEEEING.
 10528 | D:9      | 10528 ||| FLEEEEING.
 10591 | D:9      | 10591 ||| Stepping ~*~*~tactically~*~*~ (stealth).
 10595 | D:9      | 10595 ||| INVOKING Berserk.
 10605 | D:9      | 10605 ||| FLEEEEING.
 10606 | D:9      | 10606 ||| FLEEEEING.
 10607 | D:9      | 10607 ||| FLEEEEING.
 10608 | D:9      | 10608 ||| FLEEEEING.
 10728 | D:9      | 10728 ||| FLEEEEING.
 10729 | D:9      | 10729 ||| FLEEEEING.
 10730 | D:9      | 10730 ||| FLEEEEING.
 10731 | D:9      | 10731 ||| FLEEEEING.
 10829 | D:9      | 10829 ||| INVOKING Berserk.
 10973 | D:9      | 10973 ||| SHOPLISTING +4 ring of evasion (468 gold, have
                  | 447).
 10973 | D:9      | 10973 ||| SHOPLISTING +6 ring of dexterity (468 gold, have
                  | 447).
 10973 | D:9      | 10973 ||| SHOPLISTING +6 ring of strength (468 gold, have
                  | 447).
 10973 | D:9      | 10973 ||| BUYING amulet of guardian spirit (390 gold).
 10973 | D:9      | Bought an amulet of guardian spirit for 390 gold pieces
 10973 | D:9      | 10973 ||| SHOPLISTING ring "Westuhoa" {Fire *Corrode MP-9
                  | Int+3 Dex+7} (370 gold, have 57).
 10973 | D:9      | 10973 ||| SHOPLISTING ring of poison resistance (260 gold,
                  | have 57).
 10973 | D:9      | 10973 ||| SHOPLISTING ring of protection from cold (325
                  | gold, have 57).
 10973 | D:9      | 10973 ||| SHOPLISTING ring of protection from fire (325
                  | gold, have 57).
 10973 | D:9      | 10973 ||| SHOPLISTING ring of see invisible (195 gold, have
                  | 57).
 11071 | D:9      | 11071 ||| PLANNING LAIR
 11071 | D:9      | 11071 ||| UPGRADING to +2 pair of gloves.
 11081 | D:9      | 11081 ||| DROPPING +1 pair of gloves.
 11082 | D:9      | 11082 ||| UPGRADING to +0 kite shield.
 11087 | D:9      | 11087 ||| DROPPING amulet of faith.
 11088 | D:9      | 11088 ||| UPGRADING to amulet of guardian spirit.
 11093 | D:9      | 11093 ||| DRINKING 2 lumpy sapphire potions.
 11094 | D:9      | 11094 ||| DRINKING 2 golden potions.
 11195 | D:9      | 11195 ||| READING 4 scrolls of identify.
 11195 | D:9      | 11195 ||| IDENTIFYING silvery potion
 11196 | D:9      | 11196 ||| DROPPING potion of attraction.
 11197 | D:9      | 11197 ||| DROPPING potion of ambrosia.
 11238 | Lair:1   | Entered Level 1 of the Lair of Beasts
 11242 | Lair:1   | Noticed a cane toad
 11245 | Lair:1   | 11245 ||| INVOKING Berserk.
 11246 | Lair:1   | Killed a cane toad
 11270 | Lair:1   | 11270 ||| Stepping ~*~*~tactically~*~*~ (stealth).
 11271 | Lair:1   | 11271 ||| Stepping ~*~*~tactically~*~*~ (stealth).
 11380 | Lair:1   | Reached skill level 3 in Shields
 11414 | Lair:1   | 11414 ||| Stepping ~*~*~tactically~*~*~ (hiding).
 11570 | Lair:1   | 11570 ||| Stepping ~*~*~tactically~*~*~ (stealth).
 11588 | Lair:1   | Reached skill level 6 in Shields
 11590 | Lair:1   | Reached XP level 11. HP: 73/97 MP: 10/10
 11724 | Lair:1   | 11724 ||| INVOKING Berserk.
 11865 | Lair:1   | 11865 ||| Stepping ~*~*~tactically~*~*~ (stealth).
 11867 | Lair:1   | 11867 ||| Stepping ~*~*~tactically~*~*~ (stealth).
 11868 | Lair:1   | 11868 ||| Stepping ~*~*~tactically~*~*~ (stealth).
 11869 | Lair:1   | 11869 ||| Stepping ~*~*~tactically~*~*~ (stealth).
 11872 | Lair:1   | 11872 ||| Stepping ~*~*~tactically~*~*~ (stealth).
 11883 | Lair:1   | 11883 ||| Stepping ~*~*~tactically~*~*~ (stealth).
 11884 | Lair:1   | 11884 ||| Stepping ~*~*~tactically~*~*~ (stealth).
 11885 | Lair:1   | 11885 ||| Stepping ~*~*~tactically~*~*~ (stealth).
 12130 | Lair:1   | 12130 ||| INVOKING Berserk.
 12207 | Lair:1   | Reached skill level 9 in Shields
 12267 | Lair:1   | 12267 ||| INVOKING Berserk.
 12463 | Lair:1   | 12463 ||| READING scroll of enchant weapon.
 12463 | Lair:1   | 12463 ||| ENCHANTING +2 broad axe of flaming.
 12547 | Lair:1   | 12547 ||| INVOKING Berserk.
 12722 | Lair:1   | 12722 ||| INVOKING Berserk.
 12981 | Lair:1   | Noticed Sonja
 12988 | Lair:1   | HP: 23/97 [poisoned by Sonja (curare-tipped dart)]
 12989 | Lair:1   | 12989 ||| READING 4 scrolls of teleportation.
 12989 | Lair:1   | HP: 11/97 [poisoned by Sonja (curare-tipped dart)]
 12990 | Lair:1   | 12990 ||| DRINKING 4 potions of heal wounds.
 12994 | Lair:1   | HP: 24/97 [poisoned by Sonja (curare-tipped dart)]
 13297 | Lair:1   | 13297 ||| INVOKING Berserk.
 13320 | Abyss:2  | Cast into level 2 of the Abyss (Sonja)
 13383 | Abyss:2  | Noticed a tentacled starspawn
 13389 | Abyss:2  | Killed a tentacled starspawn
 13390 | Abyss:2  | Reached skill level 16 in Axes
 13430 | Abyss:2  | 13430 ||| Stepping ~*~*~tactically~*~*~ (stealth).
 13431 | Abyss:2  | 13431 ||| Stepping ~*~*~tactically~*~*~ (stealth).
 13432 | Abyss:2  | 13432 ||| Stepping ~*~*~tactically~*~*~ (stealth).
 13447 | Abyss:2  | Noticed a sixfirhy
 13448 | Lair:1   | Escaped the Abyss
 13455 | Lair:1   | 13455 ||| INVOKING Berserk.
 13455 | Lair:1   | HP: 36/145 [Sonja/+1 dagger of distortion (2)]
 13456 | Lair:1   | Killed Sonja
 13459 | Lair:1   | HP: 17/145 [poisoned by Sonja (curare-tipped dart)]
 13462 | Lair:1   | HP: 8/97 [poisoned by Sonja (curare-tipped dart)]
 13917 | Lair:2   | Found an iron altar of Okawaru.
 13994 | Lair:2   | 13994 ||| INVOKING Berserk.
 14304 | Lair:2   | 14304 ||| INVOKING Berserk.
 14479 | Lair:2   | 14479 ||| INVOKING Berserk.
 14938 | Lair:2   | 14938 ||| DROPPING +1 pair of boots.
 14957 | Lair:3   | Found a staircase to the Shoals.
 14972 | Lair:3   | 14972 ||| Stepping ~*~*~tactically~*~*~ (stealth).
 14983 | Lair:3   | 14983 ||| INVOKING Berserk.
 14989 | Lair:3   | Reached XP level 12. HP: 104/104 MP: 9/11
 15129 | Lair:3   | 15129 ||| Stepping ~*~*~tactically~*~*~ (hiding).
 15188 | Lair:3   | Reached skill level 17 in Axes
 15201 | Lair:3   | Noticed a catoblepas
 15202 | Lair:3   | Noticed a boulder beetle
 15204 | Lair:3   | 15204 ||| Stepping ~*~*~tactically~*~*~ (cloud).
 15205 | Lair:3   | 15205 ||| INVOKING Berserk.
 15209 | Lair:3   | Killed a catoblepas
 15218 | Lair:3   | Killed a boulder beetle
 15298 | Lair:3   | 15298 ||| READING scroll of enchant weapon.
 15298 | Lair:3   | 15298 ||| ENCHANTING +3 broad axe of flaming.
 15301 | Lair:3   | Found a hole to the Spider Nest.
 15357 | Lair:3   | 15357 ||| Stepping ~*~*~tactically~*~*~ (stealth).
 15411 | Lair:3   | 15411 ||| INVOKING Berserk.
 15535 | Lair:3   | Found a runed translucent gate.
 15535 | Lair:3   | Found a runed translucent gate.
 15560 | Lair:3   | 15560 ||| INVOKING Berserk.
 15685 | Lair:3   | 15685 ||| Stepping ~*~*~tactically~*~*~ (stealth).
 16031 | Lair:3   | Found a runed translucent gate.
 16058 | Lair:3   | 16058 ||| READING 4 scrolls of teleportation.
 16210 | Lair:3   | Noticed qw's ghost (journeyman GrBe)
 16222 | Lair:3   | 16222 ||| READING 3 scrolls of teleportation.
 16222 | Lair:3   | Noticed a minotaur
 16275 | Lair:3   | 16275 ||| INVOKING Berserk.
 16648 | Lair:3   | Reached skill level 18 in Axes
 16689 | Lair:3   | 16689 ||| INVOKING Berserk.
 16692 | Lair:3   | Identified the ring "Ypheik" {Wiz rF++ rC+ rCorr Dex+3}
 16815 | Lair:3   | 16815 ||| READING scroll of enchant weapon.
 16815 | Lair:3   | 16815 ||| ENCHANTING +4 broad axe of flaming.
 17029 | Lair:4   | 17029 ||| INVOKING Berserk.
 17067 | Lair:4   | Noticed a five-headed hydra
 17073 | Lair:4   | Killed a one-headed hydra
 17074 | Lair:4   | 17074 ||| FLEEEEING.
 17075 | Lair:4   | 17075 ||| FLEEEEING.
 17076 | Lair:4   | 17076 ||| FLEEEEING.
 17077 | Lair:4   | 17077 ||| STAIRDANCE
 17233 | Lair:4   | 17233 ||| STAIRDANCE
 17327 | Lair:4   | 17327 ||| STAIRDANCE
 17467 | Lair:4   | 17467 ||| INVOKING Berserk.
 17610 | Lair:4   | Reached skill level 12 in Shields
 17710 | Lair:4   | 17710 ||| INVOKING Berserk.
 17853 | Lair:4   | 17853 ||| Stepping ~*~*~tactically~*~*~ (stealth).
 17870 | Lair:4   | Reached skill level 9 in Armour
 17918 | Lair:4   | 17918 ||| INVOKING Berserk.
 17920 | Lair:4   | Reached XP level 13. HP: 116/116 MP: 12/12
 17937 | Lair:4   | 17937 ||| Stepping ~*~*~tactically~*~*~ (stealth).
 17938 | Lair:4   | 17938 ||| Stepping ~*~*~tactically~*~*~ (stealth).
 17939 | Lair:4   | 17939 ||| Stepping ~*~*~tactically~*~*~ (stealth).
 17941 | Lair:4   | 17941 ||| Stepping ~*~*~tactically~*~*~ (stealth).
 17942 | Lair:4   | 17942 ||| Stepping ~*~*~tactically~*~*~ (stealth).
 17948 | Lair:4   | 17948 ||| Stepping ~*~*~tactically~*~*~ (stealth).
 17951 | Lair:4   | 17951 ||| Stepping ~*~*~tactically~*~*~ (stealth).
 17956 | Lair:4   | 17956 ||| Stepping ~*~*~tactically~*~*~ (stealth).
 18384 | Lair:4   | 18384 ||| READING 7 scrolls of identify.
 18384 | Lair:4   | 18384 ||| IDENTIFYING fuming amethyst potion
 18385 | Lair:4   | 18385 ||| DROPPING potion of lignification.
 18398 | Lair:5   | Entered Level 5 of the Lair of Beasts
 18399 | Lair:5   | 18399 ||| Stepping ~*~*~tactically~*~*~ (hiding).
 18400 | Lair:5   | 18400 ||| Stepping ~*~*~tactically~*~*~ (hiding).
 18402 | Lair:5   | 18402 ||| Stepping ~*~*~tactically~*~*~ (cloud).
 18403 | Lair:5   | 18403 ||| INVOKING Berserk.
 18448 | Lair:5   | 18448 ||| FLEEEEING.
 18449 | Lair:5   | 18449 ||| FLEEEEING.
 18450 | Lair:5   | 18450 ||| FLEEEEING.
 18451 | Lair:5   | 18451 ||| STAIRDANCE
 18558 | Lair:5   | 18558 ||| STAIRDANCE
 18586 | Lair:5   | Found a staircase to the Slime Pits.
 18635 | Lair:5   | 18635 ||| INVOKING Berserk.
 18755 | Lair:5   | 18755 ||| INVOKING Berserk.
 18758 | Lair:5   | Reached skill level 12 in Fighting
 18913 | Lair:5   | 18913 ||| INVOKING Berserk.
 19412 | Lair:5   | 19412 ||| INVOKING Berserk.
 19595 | Lair:5   | Noticed a dire elephant
 19595 | Lair:5   | Noticed a dire elephant
 19596 | Lair:5   | Noticed a dire elephant
 19615 | Lair:5   | 19615 ||| INVOKING Berserk.
 19742 | Lair:5   | 19742 ||| INVOKING Berserk.
 19743 | Lair:5   | Noticed a dire elephant
 19755 | Lair:5   | Killed a dire elephant
 19849 | Lair:5   | 19849 ||| INVOKING Brothers in Arms.
 19862 | Lair:5   | 19862 ||| INVOKING Berserk.
 20122 | Lair:5   | 20122 ||| Stepping ~*~*~tactically~*~*~ (stealth).
 20123 | Lair:5   | 20123 ||| Stepping ~*~*~tactically~*~*~ (stealth).
 20134 | Lair:5   | 20134 ||| Stepping ~*~*~tactically~*~*~ (stealth).
 20135 | Lair:5   | 20135 ||| INVOKING Berserk.
 20163 | Lair:5   | 20163 ||| Stepping ~*~*~tactically~*~*~ (stealth).
 20275 | Lair:5   | 20275 ||| Stepping ~*~*~tactically~*~*~ (stealth).
 20296 | Lair:5   | 20296 ||| INVOKING Berserk.
 20300 | Lair:5   | Killed a dire elephant
 20312 | Lair:5   | Killed a dire elephant
 20313 | Lair:5   | Reached skill level 6 in Throwing
 20322 | Lair:5   | HP: 28/122 [dire elephant (19)]
 20323 | Lair:5   | 20323 ||| READING 2 scrolls of teleportation.
 20323 | Lair:5   | HP: 12/122 [dire elephant (16)]
 20324 | Lair:5   | 20324 ||| DRINKING 3 potions of heal wounds.
 20326 | Lair:5   | 20326 ||| DRINKING 2 potions of heal wounds.
 20603 | Lair:5   | 20603 ||| INVOKING Berserk.
 20728 | Lair:5   | 20728 ||| Stepping ~*~*~tactically~*~*~ (stealth).
 20730 | Lair:5   | 20730 ||| Stepping ~*~*~tactically~*~*~ (stealth).
 20732 | Lair:5   | 20732 ||| Stepping ~*~*~tactically~*~*~ (stealth).
 20742 | Lair:5   | Noticed Nessos
 20752 | Lair:5   | 20752 ||| INVOKING Berserk.
 20757 | Lair:5   | HP: 28/122 [Nessos/arrow (8)]
 20758 | Lair:5   | 20758 ||| READING scroll of teleportation.
 20758 | Lair:5   | Shot with an arrow by Nessos

Levels and vault maps discovered:
D:1:      matt_arrival_spirals, layout_basic, serial_shops, shop
D:2:      layout_basic, basic_ecumenical_altar
D:3:      layout_rooms, mainiacjoe_overflow_alcove_1, hangedman_decor_push,
          st_stairs_1, minmay_misc_feat_columns
D:4:      layout_rooms, tso_oasis_becter, nicolae_ru_awakened_eye,
          minmay_misc_feat_doors, grunt_ministairs_11, uniq_natasha
D:5:      layout_loops_ring, lemuel_round_altar, minmay_temple_entry_offerings
D:6:      layout_basic, nicolae_overflow_hidden_temple, nicolae_zen_rock_garden,
          minmay_ruined_shrine
D:7:      layout_basic, enter_bailey_3
D:8:      layout_rooms, old_standard_altar, old_standard_altar,
          nicolae_blasting_shop, minmay_circle_x, uniq_joseph, uniq_grum,
          uniq_maggie
D:9:      layout_basic, lair_entry_dummy, serial_shops,
          nicolae_inconvenience_store, hangedman_decor_diamond_cutter,
          minmay_misc_feat_tower, corexii_leaking_fountain
Lair:1:   layout_regular_city, nicolae_volcano_entry_s_turn, uniq_sonja
Lair:2:   layout_gridlike, basic_altar
Lair:3:   layout_cave_pods, shoals_dummy_entry, spider_nest_entry_web_field,
          maelrawn_ghost_gauntlet_escape, infiniplex_staircase_pool
Lair:4:   layout_cave_shapes
Lair:5:   due_jungle_book, layout_cave_pods, minmay_slime_entry_pillars,
          chequers_serial_rivers_room_b, grunt_megastairs_3,
          serial_bayou_shore_b, infiniplex_staircase_pool_2, uniq_nessos

Skill      XL: |  1  2  3  4  5  6  7  8  9 10 11 12 13 |
---------------+----------------------------------------+-----
Axes           | 4 5 7 8 10 12 14 15 16 18 | 18.0
Fighting       | 4 5 7 8 9 11 13 | 13.3
Throwing       | 2 3 4 6 |  6.1
Armour         | 4 5 6 7 9 10 | 10.1
Dodging        | 3 4 5 |  5.1
Shields        | 6 10 12 13 | 13.5

Action                   |  1- 3 |  4- 6 |  7- 9 | 10-12 | 13-15 || total
-------------------------+-------+-------+-------+-------+-------++-------
Melee: Hand axe          |    33 |       |       |       |       ||    33
       War axe           |    38 |    71 |   125 |       |       ||   234
       Headbutt          |     3 |    13 |    20 |    76 |    49 ||   161
       Punch             |     1 |     1 |     2 |     1 |       ||     5
       Broad axe         |       |       |    26 |   383 |   167 ||   576
Throw: Javelin           |       |     9 |    23 |   120 |    23 ||   175
       Boomerang         |       |       |       |    49 |     6 ||    55
Invok: Berserk           |     1 |     5 |     7 |    26 |    12 ||    51
       Brothers in Arms  |       |       |       |       |     1 ||     1
  Use: Scroll            |     6 |     2 |     9 |     9 |     3 ||    29
       Potion            |     1 |       |     5 |     4 |     2 ||    12
 Stab: Invisible         |       |       |     3 |       |       ||     3
Armor: Animal skin       |     5 |       |       |       |       ||     5
       Chain mail        |     1 |    30 |   100 |   130 |    55 ||   316
Dodge: Dodged            |    35 |    22 |    78 |   100 |    30 ||   265
Block: Kite shield       |       |       |       |    98 |    64 ||   162

Table legend:
 A = Non-vault XP
 B = Vault XP
 C = Vault XP percentage of total XP
 D = Non-vault monster count
 E = Vault monster count
 F = Vault count percentage of total count
                 A         B        C        D         E       F
            +---------+---------+-------+---------+---------+-------
      Total |   42663 |   17100 |  28.6 |     301 |      56 |  15.7
            +---------+---------+-------+---------+---------+-------
        D:1 |      31 |       0 |   0.0 |      18 |       0 |   0.0
        D:2 |      63 |       1 |   1.6 |      16 |       1 |   5.9
        D:3 |      79 |       1 |   1.2 |      21 |       1 |   4.5
        D:4 |     123 |      39 |  24.1 |       8 |       3 |  27.3
        D:5 |     844 |       0 |   0.0 |      13 |       0 |   0.0
        D:6 |    1292 |     324 |  20.0 |      28 |       8 |  22.2
        D:7 |    1506 |     345 |  18.6 |      18 |       7 |  28.0
        D:8 |     988 |    1759 |  64.0 |      19 |       8 |  29.6
        D:9 |    1435 |       0 |   0.0 |      30 |       0 |   0.0
     Lair:1 |    7017 |     785 |  10.1 |      34 |       1 |   2.9
     Lair:2 |    2154 |       0 |   0.0 |      11 |       0 |   0.0
     Lair:3 |    9556 |       0 |   0.0 |      36 |       0 |   0.0
     Lair:4 |    8997 |       0 |   0.0 |      25 |       0 |   0.0
     Lair:5 |    6673 |   13846 |  67.5 |      21 |      27 |  56.2
    Abyss:2 |    1905 |       0 |   0.0 |       3 |       0 |   0.0
            +---------+---------+-------+---------+---------+-------
